Map: Abyssal Reef LE

Players

Salvite - Winner!

  • Race: Protoss Protoss
  • League: Silver
  • Spawn Location: 5:00

VOD

Have the link to the VOD?

Description

Time

  • Played on: June 3, 2017, 2:11 p.m.
  • Length: 16:15
Show
View Real Time Build Order
Export as new Build Order

Salvite Protoss - Winner!

Build Orders:  

Get SALT Encoding   

  12  0:03  Probe (Chrono Boost)  
  12  0:15  Probe (Chrono Boost)  
  12  0:25  Probe (Chrono Boost)  
  12  0:29  Assimilator  
  12  0:32  Assimilator  
  12  0:44  Pylon  
  12  0:51  Pylon  
  12  1:02  Probe (Chrono Boost), Pylon  
  12  1:13  Probe (Chrono Boost)  
  12  1:23  Probe (Chrono Boost)  
  12  1:34  Probe (Chrono Boost)  
  12  1:45  Probe (Chrono Boost)  
  12  1:47  Pylon  
  12  1:55  Probe (Chrono Boost)  
  12  1:57  Gateway  
  12  2:06  Probe (Chrono Boost)  
  12  2:16  Probe (Chrono Boost)  
  12  2:49  Nexus  
  12  3:01  Probe (Chrono Boost)  
  12  3:06  Assimilator  
  12  3:10  Assimilator  
  12  3:12  Pylon  
  12  3:25  Cybernetics Core  
  12  3:33  Forge  
  12  3:46  Probe (Chrono Boost)  
  12  3:57  Probe (Chrono Boost)  
  12  4:07  Nexus  
  12  4:09  Pylon  
  12  4:11  Pylon  
  12  4:18  Assimilator  
  12  4:21  Assimilator  
  12  4:31  Probe (Chrono Boost)  
  12  4:32  Probe (Chrono Boost)  
  12  4:42  Mothership Core (Chrono Boost)  
  12  5:06  Twilight Council  
  12  5:16  Stargate  
  12  5:17  Robotics Facility  
  12  5:30  Zealot  
  12  5:37  Probe x2 (Chrono Boost)  
  12  5:38  Probe (Chrono Boost)  
  12  5:58  Sentry  
  12  6:11  Observer  
  12  6:12  Phoenix  
  12  6:24  Stalker  
  12  6:32  Warp Prism, Probe (Chrono Boost)  
  12  6:37  Oracle  
  12  6:39  Probe (Chrono Boost)  
  12  6:40  Probe (Chrono Boost)  
  12  6:42  Probe (Chrono Boost)  
  12  6:50  Probe (Chrono Boost)  
  12  6:51  Probe (Chrono Boost)  
  12  6:54  Adept  
  12  7:08  Immortal  
  12  7:13  Void Ray  
  12  9:06  Templar Archives  
  12  9:09  Fleet Beacon  
  12  9:17  Robotics Bay  
  12  10:18  Tempest  
  12  10:20  Colossus  
  12  10:58  Dark Shrine  
  12  11:00  Carrier  
  12  11:13  Disruptor  
Tags
 
Add a new tag
Caveats
  • Supply blocks, unpowered buildings, or Contaminate may cause inaccurate times.
  • Supply counts are checked every 10 seconds.